 Dungeon Crawl Stone Soup version 0.30-a0-23-ge60ba3568b (webtiles) character file.

Game seed: 15188131975577166910

249 purpskrrrp the Covert (level 5, -2/30 HPs)
             Began as a Vampire Brigand on Aug 26, 2022.
             Was a Follower of Ru.
             Slain by Ijyb
             ... wielding a +0 club
              (7 damage)
             ... on level 3 of the Dungeon.
             The game lasted 00:08:01 (3034 turns).

purpskrrrp the Covert (Vampire Brigand)             Turns: 3034, Time: 00:08:01

Health: -2/30      AC:  3    Str: 10    XL:     5   Next: 87%
Magic:  5/5        EV: 13    Int: 14    God:    Ru [*.....]
Gold:   147        SH:  0    Dex: 17    Spells: 4/4 levels left

rFire   . . .      SeeInvis +    a - +2 dagger
rCold   + + .      Faith    .    (no shield)
rNeg    + + +      Spirit   .    b - +0 robe
rPois   ∞          Reflect  .    l - +0 helmet
rElec   .          Harm     .    g - scarf {shadows}
rCorr   .          Rampage  .    (no gloves)
Will    .....                    (no boots)
Stlth   ++++++....               (no amulet)
HPRegen 0.00/turn                (no ring)
MPRegen 0.09/turn                (no ring)

@: mighty, bloodless, inhibited regen, unable to read
A: bloodless, fangs 3, see invisible, inability to read after injury 2, vampiric
2
a: Bat Form, Revivify, Renounce Religion


You were on level 3 of the Dungeon.
You worshipped Ru.
Ru was aware of your devotion.
You visited 1 branch of the dungeon, and saw 3 of its levels.

You collected 147 gold pieces.

Inventory:

Hand Weapons
 a - a +2 dagger (weapon)
Missiles
 d - 11 poisoned darts (quivered)
 e - 3 curare-tipped darts
Armour
 b - a +0 robe (worn)
 c - a +0 cloak
 g - a scarf of shadows (worn)
 l - a +0 helmet (worn)
Scrolls
 h - a scroll of silence {unknown}
 k - a scroll of immolation
 m - a scroll of fog {unknown}
 p - a scroll of identify
 r - a scroll of blinking {unknown}
Potions
 f - a potion of attraction
 i - a potion of might
 j - a potion of flight
 n - a potion of cancellation {unknown}
 o - a potion of curing {unknown}
 q - a potion of haste {unknown}


   Skills:
 - Level 1.7 Fighting
 + Level 3.8 Short Blades
 - Level 1.5 Throwing
 + Level 3.2 Dodging
 * Level 8.9 Stealth


You had 4 spell levels left.
You didn't know any spells.
Your spell library contained the following spells:

 Spells                   Type           Power      Damage    Failure   Level
 Ensorcelled Hibernation  Hex/Ice        0%         N/A       41%         2
 Passwall                 Tmut/Erth      0%         N/A       41%         2
 Swiftness                Air            0%         N/A       65%         3


Dungeon Overview and Level Annotations

Branches:
Dungeon (3/15)

Altars:
Ru

Annotations:
D:3 Ijyb


Innate Abilities, Weirdness & Mutations

You do not regenerate when monsters are visible.
You are frail without blood (-20% HP).
You can heal yourself when you bite living creatures.
You are immune to poison.
You have razor-sharp teeth.
You have supernaturally acute eyesight. (SInv)
You sometimes lose the ability to read scrolls when taking damage.
You are afflicted with vampirism and can become a bat while bloodless.


Message History

You closely miss Ijyb.
Ijyb is lightly wounded.
Ijyb hits you but does no damage.
You hit Ijyb but do no damage.
Ijyb is lightly wounded.
Ijyb barely misses you.
You hit Ijyb but do no damage.
Ijyb is lightly wounded.
Ijyb misses you.
You hit Ijyb but do no damage. You bite Ijyb, but do no damage.
Ijyb is lightly wounded.
You can read scrolls again.
Ijyb hits you with a +0 club.
You barely miss Ijyb.
Ijyb is lightly wounded.
You closely miss Ijyb.
Ijyb is lightly wounded.
Ijyb zaps a wand.
The puff of flame hits you.
You feel threatened and lose the ability to read scrolls!
You closely miss Ijyb. You bite Ijyb.
You draw Ijyb's blood!
You feel better.
Ijyb is lightly wounded.
Ijyb zaps a wand.
The puff of flame misses you.
You barely miss Ijyb. Your bite misses Ijyb.
Ijyb is lightly wounded.
You can read scrolls again.
Ijyb zaps a wand.
The puff of flame hits you.
You feel threatened and lose the ability to read scrolls!
You hit Ijyb.
Ijyb is moderately wounded.
Ijyb zaps a wand.
The puff of flame hits you!
* * * LOW HITPOINT WARNING * * *
You hit Ijyb but do no damage. Your bite misses Ijyb.
Ijyb is moderately wounded.
You feel very mighty all of a sudden. Ijyb barely misses you.
You puncture Ijyb!
Ijyb is severely wounded.
Ijyb screams, "Level is mine!
All mine!"
Ijyb hits you with a +0 club!
You die...

##############
#......@g.....
#.##########.# .
#####.#...#
##.#.......#.#
..........>#.##.#
##.#.##..#.#.#..#
#.....#.#.#..#
#########..#.#.#..#
..#........#.#.#..#


You could see Ijyb.

Vanquished Creatures
  Grinder (D:3)
  2 adders (D:2)
  An orc (D:2)
  6 ball pythons
  3 endoplasms (D:1)
  A giant cockroach (D:2)
  2 goblins
  4 hobgoblins (D:1)
  5 bats (D:2)
  2 frilled lizards (D:1)
  10 kobolds (D:1)
  11 rats
48 creatures vanquished.

Vanquished Creatures (others)
  12 plants (D:1)
12 creatures vanquished.

Grand Total: 60 creatures vanquished

Notes
Turn   | Place    | Note
-------+----------+-------------------------------------------
     0 | D:1      | purpskrrrp the Vampire Brigand began the quest for the Orb.
     0 | D:1      | Reached XP level 1. HP: 16/16 MP: 1/1
   229 | D:1      | Reached skill level 6 in Stealth
   528 | D:1      | Reached XP level 2. HP: 17/17 MP: 2/2
  1206 | D:1      | Gained mutation: You are afflicted with vampirism and can
                  | become a bat while bloodless. [Vampire growth]
  1206 | D:1      | Reached XP level 3. HP: 21/21 MP: 3/3
  1999 | D:2      | Found a faded altar of an unknown god.
  2107 | D:2      | Reached skill level 7 in Stealth
  2956 | D:2      | Prayed at the altar of an unknown god.
  2956 | D:2      | Became a worshipper of Ru the Awakened
  2962 | D:3      | Noticed Grinder
  2963 | D:3      | Killed Grinder
  2964 | D:3      | Reached skill level 8 in Stealth
  2964 | D:3      | Reached XP level 4. HP: 26/26 MP: 4/4
  2964 | D:3      | Reached XP level 5. HP: 30/30 MP: 5/5
  2964 | D:3      | Gained mutation: You occasionally lose the ability to read
                  | scrolls when taking damage. [Ru sacrifice]
  2964 | D:3      | Gained mutation: You sometimes lose the ability to read
                  | scrolls when taking damage. [Ru sacrifice]
  2964 | D:3      | Reached * piety under Ru
  3011 | D:3      | Noticed Ijyb
  3034 | D:3      | Slain by Ijyb

Illustrated notes

Levels and vault maps discovered:
D:1:      ncdulo_watergridlock, layout_basic, nicolae_kite_square_tiling_tiny,
          minmay_misc_feat_columns, lexackson_kobold_supper
D:2:      layout_loops_ring, basic_ecumenical_altar,
          minmay_misc_feat_four_crosses
D:3:      layout_basic, nicolae_overflow_crystal_walls, chequers_big_river,
          uniq_crazy_yiuf_cottage, uniq_grinder, uniq_ijyb

Skill      XL: |  1  2  3 |
---------------+----------+-----
Stealth        | 6 8 |  8.9
Dodging        | 3 |  3.2
Short Blades   | 3 |  3.8
Fighting       | |  1.7
Throwing       | |  1.5

Action                   |  1- 3 |  4- 6 || total
-------------------------+-------+-------++-------
Melee: Dagger            |   288 |    17 ||   305
       Bite              |    47 |     3 ||    50
       Punch             |     8 |       ||     8
Invok: Sacrifice Words   |       |     1 ||     1
 Abil: Exsanguinate      |     1 |       ||     1
  Use: Scroll            |     5 |       ||     5
       Potion            |       |     1 ||     1
 Stab: Sleeping          |    21 |       ||    21
Armor: Robe              |    11 |     1 ||    12
Dodge: Dodged            |    52 |     5 ||    57

Table legend: (Time is in decaauts)
 A = Elapsed time spent in this place.
 B = Non-inter-level travel time spent in this place.
 C = Inter-level travel time spent in this place.
 D = Time resting spent in this place.
 E = Time spent auto-exploring this place.
 F = Levels seen in this place.
 G = Mean time per level.
                   A        B        C        D        E       F      G
               +--------+--------+--------+--------+--------+-----+--------+
         Total |   2993 |   2858 |    135 |    654 |   1642 |   3 |  997.7 |
       Dungeon |   2993 |   2858 |    135 |    654 |   1642 |   3 |  997.7 |
               +--------+--------+--------+--------+--------+-----+--------+

Top non-repeatable levels by time:
     D:1: 1889 daAuts
     D:2: 1035 daAuts
     D:3: 68 daAuts
